Construct Section Command Post
Selects Canadian Shock Battlegroup
Construct Platoon Command Post
Selects Canadian Shock Section
6-pounder Anti-tank Gun Team
Selects Incendiary Munitions
6-pounder Anti-tank Gun Team
Unlock Bishop Self-propelled Artillery
Construct Company Command Post
Bishop Self-propelled Artillery
Selects Churchill Crocodile Heavy Tank
Churchill Crocodile Heavy Tank
Unlock M3 Grant Medium Tanks